 Dungeon Crawl Stone Soup version 0.17.2 (webtiles) character file.

65 Nekros the Magician (level 3, -2/19 HPs)
             Began as a Deep Elf Wizard on June 4, 2016.
             Slain by a gnoll
             ... wielding a +0 halberd
              (12 damage)
             ... on level 3 of the Dungeon.
             The game lasted 00:09:57 (2370 turns).

Nekros the Magician (Deep Elf Wizard)               Turns: 2370, Time: 00:09:57

Health: -2/19      AC:  2    Str:  4    XL:     3   Next: 94%
Magic:  12/12      EV:  8    Int: 23    God:
Gold:   82         SH:  0    Dex: 13    Spells: 5 memorised, 3 levels left

rFire  . . .     SeeInvis .     t - +1 short sword (holy)
rCold  . . .     Clarity  .     a - +0 robe
rNeg   . . .     SustAt   .     (no shield)
rPois  .         Gourm    .     b - +0 hat
rElec  .         Spirit   .     (no cloak)
rCorr  .         Warding  .     (no gloves)
rMut   .         Stasis   .     (no boots)
MR     .....                    (no amulet)
Stlth  +++.......               (no ring)
                                l - ring of stealth

@: not resistant to hostile enchantments, fairly stealthy
A: no striking features
a: no special abilities


You were on level 3 of the Dungeon.
You were not hungry.

You visited 1 branch of the dungeon, and saw 3 of its levels.

You collected 82 gold pieces.

Inventory:

Hand Weapons
 e - a +0 dagger
 q - a +1 dagger of holy wrath
 t - a +1 short sword of holy wrath (weapon)
Missiles
 j - 21 arrows
Armour
 a - a +0 robe (worn)
 b - a +0 hat (worn)
Jewellery
 l - a ring of stealth (left hand)
Scrolls
 h - a scroll of amnesia {unknown}
 i - 2 scrolls of fog {unknown}
 k - a scroll of identify {unknown}
 m - 2 scrolls of noise {unknown}
 r - a scroll of immolation {unknown}
 s - 3 scrolls of teleportation {unknown}
Potions
 g - 2 potions of curing {unknown}
 n - 2 potions of heal wounds {unknown}
 o - a potion of brilliance {unknown}
 p - a potion of flight {unknown}
Books
 c - a book of Minor Magic

   Spells                             Type                      Level
   a - Magic Dart                     Conjuration                  1
   b - Blink                          Translocation                2
   c - Call Imp                       Summoning                    2
   d - Repel Missiles                 Charms/Air                   2
   e - Slow                           Hexes                        2
   f - Conjure Flame                  Conjuration/Fire             3
   g - Mephitic Cloud                 Conjuration/Poison/Air       3
Comestibles
 d - a bread ration
 f - 2 meat rations
 u - 2 fruits


   Skills:
 + Level 2.9 Dodging
 * Level 3.3 Stealth
 - Level 6.0 Spellcasting
 - Level 1.1 Conjurations
 - Level 1.1 Summonings
 - Level 1.1 Translocations


You had 3 spell levels left.
You knew the following spells:

 Your Spells              Type           Power        Failure   Level  Hunger
a - Magic Dart            Conj           ##..         6%          1    None
b - Blink                 Tloc           N/A          10%         2    None
c - Call Imp              Summ           ##......     10%         2    None
d - Conjure Flame         Conj/Fire      #.......     21%         3    #......
e - Mephitic Cloud        Conj/Pois/Air  #.......     24%         3    #......


Dungeon Overview and Level Annotations

Branches:
Dungeon (3/15)

Altars:
Makhleb
Yredelemnul


Message History

Press: ? - help, Shift-Dir - straight line, f/p - gnoll
Aim: a gnoll, wielding a club (almost dead, confused)
The magic dart hits the gnoll.
You kill the gnoll!
You start resting.
Your magical contamination has completely faded away.
You start resting.
Magic restored.
You start resting.
HP restored.
Things that are here:
a club; a gnoll skeleton
There is a stone staircase leading down here.
You climb downwards.
The gnoll hits you from afar with a halberd!
There is a stone staircase leading up, spattered with blood here.
There are no items here.
The gnoll hits you from afar with a halberd!
Ouch! That really hurt!
You die...

. .. ...
....
.....####
.....g'>#
#@# #.#
#.# #.#
#.# ###


You could see a gnoll.

Vanquished Creatures
  A gnoll (D:2)
  An adder (D:2)
  2 giant geckos
  6 goblins
  6 hobgoblins
  11 kobolds
  7 bats
  3 giant cockroaches
  A giant newt (D:1)
  3 rats
41 creatures vanquished.

Notes
Turn   | Place    | Note
--------------------------------------------------------------
     0 | D:1      | Nekros the Deep Elf Wizard began the quest for the Orb.
     0 | D:1      | Reached XP level 1. HP: 10/10 MP: 7/7
   179 | D:1      | Reached skill level 5 in Spellcasting
   182 | D:1      | Reached XP level 2. HP: 15/15 MP: 2/10
   186 | D:1      | Learned a level 2 spell: Blink
   189 | D:1      | Learned a level 2 spell: Call Imp
   970 | D:1      | Reached XP level 3. HP: 19/19 MP: 8/12
   975 | D:1      | Learned a level 3 spell: Conjure Flame
   979 | D:1      | Learned a level 3 spell: Mephitic Cloud
  1054 | D:2      | Reached skill level 6 in Spellcasting
  1097 | D:2      | Found a basalt altar of Yredelemnul.
  1300 | D:2      | Found a burning altar of Makhleb.
  2370 | D:3      | Slain by a gnoll

Action                   || total
-------------------------++-------
Melee: Dagger            ||     7
       Short sword       ||     5
 Cast: Magic Dart        ||   101
       Mephitic Cloud    ||     1
       Blink             ||     1
 Stab: Sleeping          ||     1
  Eat: Bread ration      ||     1
